 Dungeon Crawl Stone Soup version 0.18-a0-455-gc7d4c65 (webtiles) character file.

1347 Korkiloff the Caller (level 8, -1/57 HPs)
             Began as a Demonspawn Summoner on Dec 1, 2015.
             Was an Initiate of Vehumet.
             Slain by an orc warrior
             ... wielding a +0 hand axe
              (15 damage)
             ... on level 6 of the Dungeon.
             The game lasted 00:39:46 (5122 turns).

Korkiloff the Caller (Demonspawn Summoner)          Turns: 5122, Time: 00:39:46

Health: -1/57      AC:  4    Str: 13    XL:     8   Next: 36%
Magic:  11/14      EV: 19    Int: 18    God:    Vehumet [......]
Gold:   343        SH:  0    Dex: 18    Spells: 4 memorised, 6 levels left

rFire  . . .     SeeInvis .     H - +3 quarterstaff (chaos)
rCold  . . .     Clarity  .     W - +0 robe
rNeg   . . .     SustAt   .     (shield currently unavailable)
rPois  .         Gourm    .     (helmet restricted)
rElec  .         Spirit   .     I - +0 cloak
rCorr  .         Dsmss    .     x - +0 pair of gloves
rMut   .         Stasis   .     (no boots)
MR     .....                    (no amulet)
Stlth  ++++......               T - +4 ring of strength
                                w - +4 ring of evasion

@: flying, very slightly contaminated, invisible, not resistant to hostile
enchantments, stealthy
A: antennae 1, thin skeletal structure 2, spiny 2
a: Renounce Religion


You were on level 6 of the Dungeon.
You worshipped Vehumet.
Vehumet was noncommittal.
You were hungry.

You visited 2 branches of the dungeon, and saw 7 of its levels.

You collected 343 gold pieces.

Inventory:

Hand Weapons
 f - a +0 spear
 k - a +0 short sword
 A - a +0 scythe
 D - a cursed -2 whip
 H - a +3 quarterstaff of chaos (weapon)
 O - a +0 rapier
 P - a +0 flail of venom
Missiles
 h - 67 arrows
 l - 59 bolts
 o - 5 javelins (quivered)
 p - 10 bolts of frost
 C - a throwing net
 F - 23 steel bolts
 V - a tomahawk
Armour
 a - a +0 pair of gloves
 x - a +0 pair of gloves (worn)
 y - a +0 leather armour
 I - a +0 cloak (worn)
 W - a +0 robe (worn)
Jewellery
 w - a +4 ring of evasion (left hand)
 T - a +4 ring of strength (right hand)
Wands
 K - a wand of confusion (46)
Scrolls
 e - 8 scrolls of identify {unknown}
 s - 3 scrolls of remove curse {unknown}
 J - 2 scrolls of immolation {unknown}
 S - 3 scrolls of amnesia {unknown}
 U - a scroll of fear {unknown}
 X - a scroll of random uselessness {unknown}
Potions
 d - a potion of flight
 g - a potion of poison
 m - 2 potions of lignification
 n - a potion of mutation {unknown}
 q - a potion of degeneration {unknown}
 u - a potion of haste {unknown}
 v - 2 potions of invisibility
 z - a potion of might {unknown}
 Q - 2 potions of beneficial mutation {unknown}
 Y - a potion of ambrosia {unknown}
Books
 b - a book of Callings

   Spells                             Type                      Level
   a - Summon Small Mammal            Summoning                    1
   b - Call Imp                       Summoning                    2
   c - Call Canine Familiar           Summoning                    3
   d - Summon Guardian Golem          Hexes/Summoning              3
   e - Summon Lightning Spire         Summoning/Air                4
   f - Summon Ice Beast               Ice/Summoning                4
Comestibles
 c - 3 bread rations
 r - 2 chunks of flesh
 B - a beef jerky
 E - 4 fruits
 N - a slice of pizza
 Z - 2 royal jellies


   Skills:
 + Level 2.8 Fighting
 + Level 0.6(1.5) Polearms
 + Level 2.2(2.3) Staves
 + Level 3.0 Throwing
 + Level 4.4 Dodging
 + Level 4.3 Stealth
 + Level 4.2 Spellcasting
 + Level 0.6 Hexes
 + Level 5.8 Summonings


You had 6 spell levels left.
You knew the following spells:

 Your Spells              Type           Power        Failure   Level  Hunger
a - Summon Small Mammal   Summ           ###.         1%          1    None
b - Call Imp              Summ           ###.....     1%          2    ##.....
c - Call Canine Familiar  Summ           ###.....     4%          3    ###....
d - Summon Guardian Gole  Hex/Summ       ###.....     14%         3    ###....


Dungeon Overview and Level Annotations

Branches:
Dungeon (6/15)             Temple (1/1) D:6

Altars:
Ashenzari
Cheibriados
Dithmenos
Elyvilon
Fedhas
Gozag
Kikubaaqudgha
Makhleb
Nemelex Xobeh
Okawaru
Qazlal
Ru
Vehumet
Xom
Yredelemnul
The Shining One

Shops:
D:4 %


Innate Abilities, Weirdness & Mutations

You have a pair of small antennae on your head.
You have a moderately thin skeletal structure (Dex +4, Stealth+).
You are mostly covered in sharp spines.


Message History

The orc warrior misses you.
The orc warrior closely misses your white imp.
The orc warrior closely misses your hound.
Your white imp hits the orc warrior but does no damage.
Unknown command.
Drink which item? (? for menu, Esc to quit)
It was a potion of curing.
You feel better.
Your hound bites the orc warrior but does no damage.
The orc warrior hits your hound with a hand axe!!
Your hound dies!
Your hound's corpse disappears in a puff of smoke!
The orc warrior barely misses you.
The orc warrior hits your white imp with a hand axe!
Your white imp dies!
The orc warrior shouts!
Casting: Call Imp
Confirm with . or Enter, or press ? or * to list all spells.
The orc warrior is struck by your spines.
The orc warrior hits you with a hand axe!
You die...

......###........
............?...
..............# .......#
#...........# .......#
#...........# .......#
#.....).....# .......#
#...........##
.......####...88888.....
.......##...§§8h@.8#####
.......##...§§8.o.8##
........#...§§8...8.#
.............o88.88.#
....................#
##..................#
#..................#
#......#........####
#......#........#


You could see an orc warrior, an orc priest and a friendly hound.

Vanquished Creatures
  Sigmund (D:3)
  Eustachio (D:4)
  Edmund (D:4)
  An ice beast (D:4)
  2 ogres
  2 scorpions
  2 crimson imps
  3 hounds
  Crazy Yiuf (D:3)
  An orc priest (D:4)
  2 orc wizards (D:4)
  3 iguanas
  4 worker ants
  Robin (D:3)
  2 gnolls (D:3)
  3 adders
  4 worms
  An adder skeleton (D:5)
  4 giant geckos
  11 orcs
  6 bats
  11 goblins
  6 hobgoblins
  9 jackals
  A quokka (D:4)
  A ball python (D:4)
  5 giant cockroaches
  7 giant newts
  4 kobolds
  A quokka zombie (D:5)
  7 rats
108 creatures vanquished.

Vanquished Creatures (collateral kills)
  An ogre (D:5)
  An orc priest (D:6)
  A worker ant (D:4)
  An adder (D:2)
  2 gnolls (D:3)
  An ooze (D:2)
  An adder zombie (D:6)
  An adder skeleton (D:4)
  2 worms
  An orc (D:4)
  2 bats (D:2)
  5 goblins
  2 hobgoblins
  3 jackals
  2 kobolds
  A ball python (D:1)
  2 giant cockroaches (D:3)
  A giant gecko (D:3)
  2 rats
32 creatures vanquished.

Grand Total: 140 creatures vanquished

Notes
Turn   | Place    | Note
--------------------------------------------------------------
     0 | D:1      | Korkiloff the Demonspawn Summoner began the quest for the Orb.
     0 | D:1      | Reached XP level 1. HP: 13/13 MP: 3/3
   426 | D:1      | Gained mutation: You have a somewhat thin skeletal structure (Dex +2, Stealth). [demonic ancestry]
   426 | D:1      | Reached XP level 2. HP: 13/19 MP: 5/5
   503 | D:1      | You fall through a shaft!
   788 | D:1      | Learned a level 2 spell: Call Imp
  1247 | D:2      | Reached XP level 3. HP: 22/24 MP: 6/6
  1695 | D:2      | Gained mutation: You have a moderately thin skeletal structure (Dex +4, Stealth+). [demonic ancestry]
  1695 | D:2      | Reached XP level 4. HP: 12/30 MP: 1/7
  1868 | D:2      | Learned a level 3 spell: Call Canine Familiar
  1916 | D:3      | Reached skill level 1 in Throwing
  1919 | D:3      | Noticed Sigmund
  1935 | D:3      | Killed Sigmund
  1935 | D:3      | Gained mutation: You are partially covered in sharp spines. [demonic ancestry]
  1935 | D:3      | Reached XP level 5. HP: 30/36 MP: 1/9
  2250 | D:3      | Noticed Crazy Yiuf
  2261 | D:3      | Killed Crazy Yiuf
  2408 | D:3      | Noticed Robin
  2442 | D:3      | Killed Robin
  2637 | D:4      | Gained mutation: You have a pair of small antennae on your head. [demonic ancestry]
  2637 | D:4      | Reached XP level 6. HP: 37/42 MP: 7/10
  2705 | D:4      | Found Maenukk's Food Boutique.
  2730 | D:4      | Noticed Edmund
  2756 | D:4      | Killed Edmund
  2756 | D:4      | Reached skill level 1 in Fighting
  2756 | D:4      | Reached skill level 5 in Summonings
  3047 | D:4      | Reached skill level 1 in Staves
  3047 | D:4      | Reached XP level 7. HP: 36/48 MP: 9/12
  3053 | D:4      | Learned a level 3 spell: Summon Guardian Golem
  3323 | D:4      | Noticed Eustachio
  3363 | D:4      | Killed Eustachio
  3519 | D:4      | Found a shadowy altar of Dithmenos.
  3548 | D:4      | Found a basalt altar of Yredelemnul.
  3685 | D:4      | Found a sparkling altar of Nemelex Xobeh.
  4113 | D:5      | Entered Level 5 of the Dungeon
  4135 | D:5      | Gained mutation: You are mostly covered in sharp spines. [demonic ancestry]
  4135 | D:5      | Reached XP level 8. HP: 41/57 MP: 9/14
  4187 | D:5      | Found an iron altar of Okawaru.
  4307 | D:5      | Found a shimmering altar of Xom.
  5026 | D:6      | Found a staircase to the Ecumenical Temple.
  5046 | Temple   | Entered the Ecumenical Temple
  5076 | Temple   | Became a worshipper of Vehumet
  5113 | D:6      | HP: 2/57 [orc priest/divine providence (8)]
  5122 | D:6      | Slain by an orc warrior

Vault maps used:
D:1:      dpeg_arrival_circle_labyrinth_c
D:2:      first_bread
D:3:      uniq_sigmund, uniq_robin, uniq_crazy_yiuf_cottage
D:4:      kennysheep_mini, lemuel_coloured_pillars_altar, serial_shops,
          nicolae_shop_window_shopping, grunt_dithmenos_smoke_and_mirrors,
          uniq_eustachio, uniq_edmund
D:5:      marbit_many_paths, lemuel_round_altar, serial_glass, glass_columns_a,
          glass_columns_a, glass_columns_a, glass_columns_c, glass_columns_a,
          glass_columns_a, kennysheep_generic_room_3
D:6:      lemuel_insect_pit, minmay_temple_entry_statues,
          nicolae_ossuary_entry_plus, minmay_hollow_rounded_squares
Temple:   minmay_freezing_vapour_temple_12

Action                   |  1- 3 |  4- 6 |  7- 9 || total
-------------------------+-------+-------+-------++-------
Melee: Spear             |    85 |    27 |       ||   112
       Quarterstaff      |       |    44 |    82 ||   126
Throw: Javelin           |    21 |    22 |    18 ||    61
       Throwing net      |       |     1 |       ||     1
       Tomahawk          |       |       |     2 ||     2
 Cast: Summon Small Mamm |     6 |       |       ||     6
       Call Imp          |     9 |     6 |     2 ||    17
       Call Canine Famil |       |    12 |     7 ||    19
       Summon Guardian G |       |       |     2 ||     2
  Use: Potion            |       |     3 |     5 ||     8
       Scroll            |       |       |     4 ||     4
 Stab: Sleeping          |     7 |     5 |     7 ||    19
       Distracted        |       |     2 |       ||     2
  Eat: Chunk             |     3 |     6 |     7 ||    16
